 Dungeon Crawl Stone Soup version 0.18.1-47-g9310371 (webtiles) character file.

102 sveltemanboy the Chucker (level 4, -11/45 HPs)
             Began as an Ogre Hunter on June 17, 2016.
             Mangled by a gnoll
             ... wielding a +0 halberd
              (13 damage)
             ... on level 3 of the Dungeon.
             The game lasted 00:06:48 (3023 turns).

sveltemanboy the Chucker (Ogre Hunter)              Turns: 3023, Time: 00:06:49

Health: -11/45     AC:  3    Str: 18    XL:     4   Next: 78%
Magic:  13/13      EV: 10    Int: 10    God:
Gold:   140        SH:  0    Dex: 10    Spells: 0 memorised, 3 levels left

rFire  . . .     SeeInvis .     x - +0 flail (curse)
rCold  . . .     Gourm    .     b - +0 robe
rNeg   . . .     Faith    .     (no shield)
rPois  .         Spirit   .     (helmet restricted)
rElec  .         Dismiss  .     (no cloak)
rCorr  .         Reflect  .     (gloves unavailable)
SustAt .         Harm     .     (boots unavailable)
MR     .....                    m - amulet of magic regeneration
Stlth  +.........               (no ring)
                                g - ring of magical power

@: drained, not resistant to hostile enchantments, very unstealthy
A: unfitting armour, tough skin 1
a: no special abilities


You were on level 3 of the Dungeon.
You were not hungry.

You visited 1 branch of the dungeon, and saw 3 of its levels.

You collected 140 gold pieces.

Inventory:

Hand Weapons
 x - a cursed +0 flail (weapon)
Missiles
 c - a large rock (quivered)
 d - 2 throwing nets
 h - 33 stones
Armour
 b - a +0 robe (worn)
 r - a +0 shield
Jewellery
 g - a ring of magical power (left hand)
 m - an amulet of magic regeneration (around neck)
Scrolls
 a - a scroll of teleportation {unknown}
 i - 5 scrolls of identify {unknown}
 j - 2 scrolls of remove curse {unknown}
 l - 3 scrolls of fog {unknown}
 o - a scroll of noise {unknown}
 v - 3 scrolls of blinking {unknown}
 w - a scroll of amnesia {unknown}
Potions
 e - a potion of lignification {unknown}
 p - 3 potions of agility {unknown}
 q - a potion of cancellation {unknown}
 s - a potion of curing {unknown}
 t - 2 potions of berserk rage {unknown}
 A - a potion of might {unknown}
Comestibles
 f - 2 bread rations
 k - a beef jerky
 n - 2 meat rations
 u - 4 fruits
 z - 3 chunks of flesh


   Skills:
 + Level 3.4(2.9) Fighting
 * Level 3.4(2.9) Maces & Flails
 - Level 4.0(3.5) Throwing
 - Level 1.1(0.6) Armour
 - Level 2.2(1.7) Dodging
 - Level 0.7(0.2) Stealth
 * Level 1.1(0.6) Shields


You had 3 spell levels left.
You didn't know any spells.

Dungeon Overview and Level Annotations

Branches:
Dungeon (3/15)

Altars:
Ashenzari
Makhleb


Innate Abilities, Weirdness & Mutations

You are too large for most types of armour.
You have tough skin (AC +1).


Message History

Aim: a gnoll, wielding a flail You throw a large rock.
The large rock hits the gnoll!
The gnoll is almost dead.
The gnoll hits you from afar with a halberd.
The gnoll hits you with a flail! The gnoll misses you.
Throwing (i - inventory. (,) - cycle):
c - 3 large rocks (quivered)
Press: ? - help, Shift-Dir - straight line, f/p - gnoll
Aim: a gnoll, wielding a flail (almost dead)
You throw a large rock. The large rock hits the gnoll.
You kill the gnoll!
The gnoll hits you from afar with a halberd.
The gnoll hits you from afar with a halberd!
* * * LOW HITPOINT WARNING * * *
Throwing (i - inventory. (,) - cycle):
c - 2 large rocks (quivered)
Press: ? - help, Shift-Dir - straight line, f - gnoll
Aim: a gnoll, wielding a halberd You throw a large rock.
The large rock closely misses the gnoll.
The gnoll hits you from afar with a halberd!
You die...

[..#.# ##...#................
...#.# ##......###............
.....# ##.......# #.###...##.##
.##รท.# ##...#.######.###..###...
.###.####...................#####
.. #...#.......######...###.^# #
#.##.........### ####..###.####
.#..#....>..#######.......#..#..
.....###.(..(.g)@.##...8...##...#
#..### ..#.######..#..8.8..###.##
##. .###.# ##...8._.8.....# #. ..
##...8.8...##.## # #.#
#....8....##... #........#####.
##..##...# #.. ####.......)# #.#
#........##.###.#


You could see a gnoll.

Vanquished Creatures
  2 gnolls (D:3)
  2 adders
  A worm (D:3)
  2 giant geckos (D:1)
  5 orcs (D:3)
  A giant cockroach (D:1)
  8 goblins
  6 hobgoblins
  7 kobolds
  A quokka (D:2)
  9 bats
  5 giant newts
  8 rats
57 creatures vanquished.

Notes
Turn   | Place    | Note
--------------------------------------------------------------
     0 | D:1      | sveltemanboy the Ogre Hunter began the quest for the Orb.
     0 | D:1      | Reached XP level 1. HP: 22/22 MP: 1/1
   212 | D:1      | Reached skill level 1 in Maces & Flails
   267 | D:1      | Reached XP level 2. HP: 17/29 MP: 2/2
   792 | D:1      | Reached skill level 1 in Armour
   860 | D:1      | Reached XP level 3. HP: 31/37 MP: 3/3
  2017 | D:2      | Found a burning altar of Makhleb.
  2017 | D:2      | Noticed a green death
  2076 | D:2      | Found a shattered altar of Ashenzari.
  2377 | D:3      | Reached XP level 4. HP: 42/45 MP: 4/4
  2900 | D:3      | Found a faded altar to an unknown god.
  3020 | D:3      | Reached skill level 1 in Shields
  3022 | D:3      | HP: 2/45 [gnoll/halberd (12)]
  3023 | D:3      | Mangled by a gnoll

Skill      XL: |  1  2  3  4 |
---------------+-------------+-----
Maces & Flails | 1 2 3 |  3.4
Dodging        | 2 |  2.2
Armour         | 1 |  1.1
Fighting       | 3 |  3.4
Shields        | 1 |  1.1
Throwing       | |  4.0
Stealth        | |  0.7

Action                   |  1- 3 |  4- 6 || total
-------------------------+-------+-------++-------
Melee: Mace              |   114 |    30 ||   144
       Unarmed           |    17 |       ||    17
       Flail             |       |     3 ||     3
Throw: Stone             |    66 |    62 ||   128
       Large rock        |       |     4 ||     4
 Stab: Sleeping          |     1 |       ||     1
  Eat: Chunk             |     5 |     2 ||     7
Armor: Robe              |    47 |     8 ||    55
Dodge: Dodged            |    88 |    18 ||   106
